 Dungeon Crawl Stone Soup version 0.23-a0-310-gdcc7a32 (webtiles) character file.

2 Amnesiac the Sneak (level 1, 0/7 HPs)
             Began as a Felid Earth Elementalist on Oct 13, 2018.
             Slain by a jackal (3 damage)
             ... on level 1 of the Dungeon.
             The game lasted 00:00:20 (312 turns).

Amnesiac the Sneak (Felid Earth Elementalist)        Turns: 312, Time: 00:00:21

Health: 0/7        AC:  1    Str:  4    XL:     1   Next: 25%
Magic:  2/4        EV: 18    Int: 16    God:
Gold:   34         SH:  0    Dex: 16    Spells: 3/4 levels left
                                        Lives:  0   Deaths: 0

rFire    . . .     SeeInvis +   (weapon unavailable)
rCold    . . .     Gourm    .   (shield unavailable)
rNeg     . . .     Faith    .   (armour unavailable)
rPois    .         Spirit   .   (helmet unavailable)
rElec    .         Reflect  .   (cloak unavailable)
rCorr    .         Harm     .   (gloves unavailable)
MR       .....                  (boots unavailable)
Stlth    +++.......             (no amulet)
HPRegen  0.02/turn              (no ring)
MPRegen  0.09/turn              (no ring)

@: very slightly contaminated, quick
A: very small, no armour, no weapons or thrown items, stealth, claws 1, fangs 3,
see invisible, carnivore, speed 1, shaggy fur 1, slow metabolism 1, sharp paws
a: no special abilities


You were on level 1 of the Dungeon.
You were not hungry.

You visited 1 branch of the dungeon, and saw 1 of its levels.

You collected 34 gold pieces.

Inventory:

Missiles
 b - 29 stones
Jewellery
 e - an uncursed ring of flight {unknown}
 i - an uncursed amulet of regeneration {unknown}
Scrolls
 a - a scroll of immolation {!r, unknown}
 d - a scroll of enchant weapon {!r, unknown}
 f - 4 scrolls of identify {!r, unknown}
 h - a scroll of fear {!r, unknown}
Potions
 g - a potion of mutation {!q, unknown}
Comestibles
 c - 2 rations


   Skills:
 - Level 2.6 Dodging
 + Level 2.7 Stealth
 + Level 0.1 Unarmed Combat
 - Level 2.0 Spellcasting
   Level 1.1 Transmutations
 * Level 2.7 Earth Magic


You had 3 spell levels left.
You knew the following spells:

 Your Spells              Type           Power        Failure   Level  Hunger
a - Sandblast             Erth           ##....       7%          1    #......

Your spell library contained the following spells:

 Spells                   Type           Power        Failure   Level  Hunger
 Passwall                 Tmut/Erth      #.......     14%         2    ###....
 Stone Arrow              Conj/Erth      #.....       34%         3    ###....
 Petrify                  Tmut/Erth      #.......     67%         4    #####..
 Lee's Rapid Deconstruct  Erth           ##........   88%         5    ######.


Dungeon Overview and Level Annotations

Branches:
Dungeon (1/15)

Altars:


Innate Abilities, Weirdness & Mutations

You cannot wear armour.
You are incapable of wielding weapons or throwing items.
Your paws allow you to move quietly. (Stealth)
You have sharp claws.
You have razor-sharp teeth.
You have supernaturally acute eyesight. (SInv)
You are carnivorous and can eat meat at any time.
You cover ground quickly.
You are covered in fur. (AC +1)
You have a slow metabolism.
Your sharp claws are effective at attacking unaware monsters.


Message History

Found a stone staircase leading down.
You now have 10 gold pieces.
d - a scroll labeled PITERPH VAHAKK {!r}
There is a stone staircase leading down here.
Found a whip.
A kobold comes into view.
You see here a whip.
Found 17 gold pieces.
You pounce on the unaware helpless kobold!
You scratch the kobold.
You kill the kobold!
No target in view!
You now have 27 gold pieces (gained 17).
c - 2 rations (gained 1)
e - a shiny emerald ring
f - 3 scrolls labeled BENU REREA {!r} You enter a teleport trap!
The teleport trap disappears.
Your surroundings suddenly seem different.
Found a bubbling golden potion.
Found a robe.
g - a bubbling golden potion {!q} You now have 34 gold pieces (gained 7).
Found a ring mail.
f - 4 scrolls labeled BENU REREA {!r} (gained 1)
Found a short sword.
h - a scroll labeled IGEESTR XUON {!r}
i - a large filigree amulet A jackal comes into view.
A jackal is nearby!
A jackal is nearby!
A jackal is nearby!
The jackal barks!
A jackal comes into view.
The jackal bites you.
The jackal barks!
You scratch the jackal.
The jackal is lightly wounded.
The jackal barely misses you.
You closely miss the jackal. You bite the jackal, but do no damage.
The jackal is lightly wounded.
The jackal completely misses you.
You completely miss the jackal. The jackal barely misses you.
You scratch the jackal but do no damage.
The jackal completely misses you.
Casting: Sandblast (safe; 7% risk of failure)
Confirm with . or Enter, or press ? or * to list all spells.
Aiming: Sandblast (safe; 7% risk of failure)
Press: ? - help, Shift-Dir - straight line, f - jackal
Aim: a jackal You miscast Sandblast.
You are very lightly contaminated with residual magic.
Nothing appears to happen.
The jackal closely misses you. The jackal bites you.
* * * LOW HITPOINT WARNING * * *
Casting: Sandblast (safe; 7% risk of failure)
Confirm with . or Enter, or press ? or * to list all spells.
Aiming: Sandblast (safe; 7% risk of failure)
Press: ? - help, Shift-Dir - straight line, f/p - jackal
Aim: a jackal The blast of sand misses the jackal.
The blast of sand hits the jackal.
You kill the jackal!
b - 29 stones The jackal bites you.
You die...

#..#..#...#..#...
#.####.....####..
#.+.....<.....'..
#.####.....####..
#.##..#...#..#..#
#.##.#.#.#.#.#..#
##.###..#.#..##..#
#....####.####...#
#@#### #+# ...#
#h# .# #†# ..# ..#
...# .#.# #...#


You could see a jackal.

Vanquished Creatures
  A jackal (D:1)
  A kobold (D:1)
2 creatures vanquished.

Notes
Turn   | Place    | Note
-------+----------+-------------------------------------------
     0 | D:1      | Amnesiac the Felid Earth Elementalist began the quest for
                  | the Orb.
     0 | D:1      | Reached XP level 1. HP: 7/7 MP: 4/4
   312 | D:1      | Slain by a jackal

Vault maps used:
D:1:      nzn_arrival_crosshair, minmay_strange_pillars

Action                   || total
-------------------------++-------
Melee: Unarmed           ||     5
       Bite              ||     1
 Cast: Sandblast         ||     1
 Stab: Sleeping          ||     1
Dodge: Dodged            ||     5

Table legend:
 A = Non-vault XP
 B = Vault XP
 C = Vault XP percentage of total XP
 D = Non-vault monster count
 E = Vault monster count
 F = Vault count percentage of total count
                 A         B        C        D         E       F
            +---------+---------+-------+---------+---------+-------
      Total |       3 |       0 |   0.0 |       2 |       0 |   0.0
            +---------+---------+-------+---------+---------+-------
        D:1 |       3 |       0 |   0.0 |       2 |       0 |   0.0
            +---------+---------+-------+---------+---------+-------
